 Dungeon Crawl Stone Soup version 0.31-a0-166-g46f44d267d (webtiles) character file.

Game seed: 13546105129562439171

1503 IndexError the Conjurer (level 8, 0/60 HPs)
             Began as a Gnoll Conjurer on June 14, 2023.
             Was an Initiate of Cheibriados.
             Succumbed to a water moccasin's poison
             ... on level 5 of the Dungeon.
             The game lasted 00:09:00 (6289 turns).

IndexError the Conjurer (Gnoll Conjurer)            Turns: 6289, Time: 00:09:01

Health: 0/60       AC:  5    Str:  8    XL:     8   Next: 82%
Magic:  1/17       EV: 14    Int: 21    God:    Cheibriados [......]
Gold:   183        SH:  0    Dex: 11    Spells: 8/19 levels left

rFire   . . .        d - +0 dagger
rCold   + . .        (no shield)
rNeg    . . .        a - +0 robe
rPois   .            f - +0 helmet
rElec   .            (no cloak)
rCorr   .            (no gloves)
SInv    .            h - +1 pair of boots
Will    .....        (no amulet)
Stlth   +++          x - ring of protection from cold {rC+, !d}
HPRegen 0.30/turn    (no ring)
MPRegen 0.15/turn

%: no passive effects
@: lethally poisoned (0 -> -26), very slow
A: fangs 1, strong nose, distributed training
a: Renounce Religion


You were on level 5 of the Dungeon.
You worshipped Cheibriados.
Cheibriados was noncommittal.
You visited 1 branch of the dungeon, and saw 6 of its levels.

You collected 183 gold pieces.

Inventory:

Hand Weapons
 d - a +0 dagger (weapon)
   (You took it off a goblin on level 1 of the Dungeon)
Missiles
 m - 6 boomerangs of dispersal {=f}
 s - 4 javelins
Armour
 a - a +0 robe (worn)
 f - a +0 helmet (worn)
   (You found it on level 1 of the Dungeon)
 h - a +1 pair of boots (worn)
   (You found it on level 3 of the Dungeon)
Jewellery
 x - a ring of protection from cold (left hand) {rC+, !d}
   (You found it on level 4 of the Dungeon)
Wands
 u - a wand of iceblast (2)
   (You found it on level 4 of the Dungeon)
 B - a wand of digging (4)
   (You found it on level 5 of the Dungeon)
Scrolls
 c - 3 scrolls of identify {unknown}
 l - a scroll of teleportation {unknown}
 o - a scroll of noise {unknown}
 p - a scroll of amnesia {unknown}
 r - a scroll of enchant weapon {unknown}
 v - a scroll of vulnerability {unknown}
 w - a scroll of fear {unknown}
 z - a scroll of blinking {unknown}
 A - 2 scrolls of poison {unknown}
 C - a scroll of enchant armour {unknown}
Potions
 b - a potion of magic
 e - 3 potions of might {unknown}
 g - 2 potions of haste {unknown}
 i - 2 potions of lignification {unknown}
 j - a potion of heal wounds {unknown}
 k - 2 potions of mutation {unknown}
 n - a potion of curing {unknown}
 q - a potion of cancellation {unknown}
 t - 3 potions of enlightenment {unknown}
Miscellaneous
 y - a piece from Xom's chessboard (15/15)
   (You found it on level 5 of the Dungeon)


   Skills:
 + Level 3.7 Fighting
 + Level 3.7 Short Blades
 + Level 3.7 Long Blades
 + Level 3.7 Axes
 + Level 3.7 Maces & Flails
 + Level 3.7 Polearms
 + Level 3.7 Staves
 + Level 3.7 Ranged Weapons
 + Level 3.7 Throwing
 + Level 3.7 Armour
 + Level 6.0 Dodging
 + Level 5.7 Stealth
 + Level 3.7 Shields
 + Level 3.7 Unarmed Combat
 + Level 6.3 Spellcasting
 + Level 7.8 Conjurations
 + Level 3.1 Hexes
 + Level 3.1 Summonings
 + Level 3.1 Necromancy
 + Level 3.1 Translocations
 + Level 3.1 Transmutations
 + Level 3.1 Fire Magic
 + Level 3.1 Ice Magic
 + Level 3.1 Air Magic
 + Level 3.1 Earth Magic
 + Level 3.1 Poison Magic
 + Level 4.1 Invocations
 + Level 3.7 Evocations


You had 8 spell levels left.
You knew the following spells:

 Your Spells              Type           Power      Damage    Failure   Level
a - Magic Dart            Conj           100%       1d8       1%          1
b - Searing Ray           Conj           78%        2d7       1%          2
c - Fulminant Prism       Conj/Hex       14%        3d8       10%         4
x - Iskenderun's Mystic   Conj/Tloc      29%        2d7       10%         4

Your spell library contained the following spells:

 Spells                   Type           Power      Damage    Failure   Level
 Dazzling Flash           Conj/Hex       58%        N/A       3%          3


Dungeon Overview and Level Annotations

Branches:
Dungeon (6/15)             Temple (0/1) D:5

Altars:
Cheibriados
Fedhas
Qazlal
Ru
Sif Muna
Xom
The Shining One


Innate Abilities, Weirdness & Mutations

You have very sharp teeth.
Your uncanny sense of smell can sniff out nearby items.
Your experience applies equally to all skills.


Message History

The killer bee is knocked back by the mystic blast.
The killer bee collides with the water moccasin!
The mystic blast hits the killer bee!
Cheibriados thoroughly appreciates the change of pace.
The killer bee barely misses you.
You now have 11/17 mp.
The magic dart hits the killer bee.
The killer bee stings you but does no damage.
The water moccasin bites you!
You take 7 damage, and have 50/59 hp.
You now have 10/17 mp.
Casting: Magic Dart (safe; 1% risk of failure)
Confirm with . or Enter, or press ? or * to list all spells.
You erupt in a blast of force!
The mystic blast hits the killer bee!
Cheibriados thoroughly appreciates the change of pace.
The mystic blast hits the killer bee!
Cheibriados thoroughly appreciates the change of pace.
The mystic blast hits the killer bee!
The killer bee is knocked back by the mystic blast.
The mystic blast hits the water moccasin!
The water moccasin is knocked back by the mystic blast.
Your Dodging skill increases to level 6!
You now have 6/17 mp.
The magic dart hits the water moccasin but does no damage.
The water moccasin barely misses you.
You now have 5/17 mp.
Casting: Magic Dart (safe; 1% risk of failure)
Confirm with . or Enter, or press ? or * to list all spells.
You miscast Iskenderun's Mystic Blast.
You are very lightly contaminated with residual magic.
Nothing appears to happen.
The killer bee closely misses you.
The killer bee stings you but does no damage.
The water moccasin bites you but does no damage.
You now have 2/17 mp.
Casting: Iskenderun's Mystic Blast (dangerous; 10% risk of failure)
Confirm with . or Enter, or press ? or * to list all spells.
You don't have enough magic to cast this spell.
The magic dart hits the killer bee.
The killer bee stings you.
You are poisoned.
The killer bee poisons you! The water moccasin barely misses you.
The killer bee stings you but does no damage.
The water moccasin bites you.
You are more poisoned.
The water moccasin poisons you!
You take 10 damage, and have 42/60 hp.
You now have 1/17 mp.
The magic dart hits the killer bee but does no damage.
You feel very sick. The killer bee stings you.
The killer bee closely misses you. The water moccasin closely misses you.
You take 3 damage, and have 39/60 hp.
You now have 0/17 mp.
You feel sick. The killer bee stings you. The water moccasin barely misses you.
The killer bee stings you!
You are more poisoned.
The killer bee poisons you!
You climb upwards.
You feel very sick.
There is a stone staircase leading down here.
You take 18 damage, and have 21/60 hp.
MASSIVE DAMAGE!!
You hit the water moccasin. Your bite misses the water moccasin.
You feel sick. The killer bee barely misses you.
The water moccasin completely misses you.
The killer bee barely misses you. The water moccasin misses you.
You take 1 damage, and have 20/60 hp.
You closely miss the water moccasin.
You feel sick. The killer bee barely misses you.
The water moccasin completely misses you.
You take 2 damage, and have 18/60 hp.
You hit the water moccasin but do no damage.
You feel sick. The killer bee misses you. The killer bee stings you.
* * * LOW HITPOINT WARNING * * *
You are lethally poisoned!
The killer bee poisons you! The water moccasin bites you.
* * * LOW HITPOINT WARNING * * *
You are more poisoned.
The water moccasin poisons you!
You take 6 damage, and have 12/60 hp.
You closely miss the water moccasin. Your bite misses the water moccasin.
* * * LOW HITPOINT WARNING * * *
You feel very sick. The killer bee barely misses you.
The water moccasin barely misses you. The killer bee barely misses you.
Your magical contamination has completely faded away.
You take 4 damage, and have 8/60 hp.
Aiming: Iceblast
Press: ? - help, Shift-Dir - straight line The mass of ice explodes!
The iceblast engulfs the water moccasin!
* * * LOW HITPOINT WARNING * * *
You feel very sick. The killer bee closely misses you.
The water moccasin misses you. The killer bee misses you.
You take 4 damage, and have 4/60 hp.
Aiming: Iceblast
Press: ? - help, Shift-Dir - straight line
Okay, then.
Aiming: Iceblast
Press: ? - help, Shift-Dir - straight line The mass of ice explodes!
The iceblast engulfs the water moccasin!!
Cheibriados thoroughly appreciates the change of pace.
You die...

.............#............#
#...##.......#............#
######.......#............#
....##.....###...#####...########
....##.....###...##.##........##.
.............<.......#.....#†....
.....................+.....#.....
...............y.....#.....#.....
...............†@....#.....#)....
#...##..............##....##.....
#...##.....#################.....
#...######## ###### #...##.....##
#.>.#.......# #...##......#
###'##......# ............#


You could see a killer bee.

Vanquished Creatures
  A wyvern (D:5)
  A water moccasin (D:5)
  An ogre (D:5)
  A phantom (D:5)
  A bullfrog (D:3)
  3 scorpions
  9 killer bees (D:6)
  3 hounds (D:5)
  5 orc priests
  An iguana (D:5)
  A sleepcap (D:4)
  2 orc wizards
  Terence (D:3)
  7 adders
  An ufetubus (D:3)
  3 worms
  2 dart slugs
  16 orcs
  8 bats
  11 endoplasms
  5 giant cockroaches
  11 goblins
  15 hobgoblins
  5 jackals
  7 kobolds
  3 quokkas
  9 ball pythons
  6 frilled lizards
  7 rats
  A butterfly (D:5)
147 creatures vanquished.

Notes
Turn   | Place    | Note
-------+----------+-------------------------------------------
     0 | D:1      | IndexError the Gnoll Conjurer began the quest for the Orb.
     0 | D:1      | Reached XP level 1. HP: 13/13 MP: 6/6
   114 | D:1      | Reached XP level 2. HP: 19/19 MP: 5/7
   498 | D:1      | Reached skill level 5 in Spellcasting
   498 | D:1      | Reached XP level 3. HP: 25/25 MP: 3/9
   712 | D:1      | Learned a level 2 spell: Searing Ray
   763 | D:1      | Reached skill level 1 in Invocations
  1288 | D:2      | Reached skill level 1 in Fighting
  1288 | D:2      | Reached skill level 1 in Short Blades
  1288 | D:2      | Reached skill level 1 in Long Blades
  1288 | D:2      | Reached skill level 1 in Axes
  1288 | D:2      | Reached skill level 1 in Maces & Flails
  1288 | D:2      | Reached skill level 1 in Polearms
  1288 | D:2      | Reached skill level 1 in Staves
  1288 | D:2      | Reached skill level 1 in Ranged Weapons
  1288 | D:2      | Reached skill level 1 in Throwing
  1288 | D:2      | Reached skill level 1 in Armour
  1288 | D:2      | Reached skill level 1 in Shields
  1288 | D:2      | Reached skill level 1 in Unarmed Combat
  1288 | D:2      | Reached skill level 1 in Evocations
  1362 | D:2      | Reached XP level 4. HP: 32/32 MP: 7/11
  1846 | D:2      | Reached skill level 1 in Hexes
  1846 | D:2      | Reached skill level 1 in Summonings
  1846 | D:2      | Reached skill level 1 in Necromancy
  1846 | D:2      | Reached skill level 1 in Translocations
  1846 | D:2      | Reached skill level 1 in Transmutations
  1846 | D:2      | Reached skill level 1 in Fire Magic
  1846 | D:2      | Reached skill level 1 in Ice Magic
  1846 | D:2      | Reached skill level 1 in Air Magic
  1846 | D:2      | Reached skill level 1 in Earth Magic
  1846 | D:2      | Reached skill level 1 in Poison Magic
  2394 | D:2      | Reached XP level 5. HP: 37/37 MP: 8/12
  2615 | D:3      | Found a stormy altar of Qazlal.
  2815 | D:3      | Found a glowing golden altar of the Shining One.
  2959 | D:3      | Noticed Terence
  2965 | D:3      | Killed Terence
  2966 | D:3      | Reached skill level 2 in Invocations
  2971 | D:3      | Learned a level 4 spell: Fulminant Prism
  2976 | D:3      | Learned a level 4 spell: Iskenderun's Mystic Blast
  3187 | D:3      | Reached XP level 6. HP: 44/44 MP: 10/13
  3521 | D:4      | Reached skill level 2 in Fighting
  3521 | D:4      | Reached skill level 2 in Short Blades
  3521 | D:4      | Reached skill level 2 in Long Blades
  3521 | D:4      | Reached skill level 2 in Axes
  3521 | D:4      | Reached skill level 2 in Maces & Flails
  3521 | D:4      | Reached skill level 2 in Polearms
  3521 | D:4      | Reached skill level 2 in Staves
  3521 | D:4      | Reached skill level 2 in Ranged Weapons
  3521 | D:4      | Reached skill level 2 in Throwing
  3521 | D:4      | Reached skill level 2 in Armour
  3521 | D:4      | Reached skill level 5 in Dodging
  3521 | D:4      | Reached skill level 2 in Shields
  3521 | D:4      | Reached skill level 2 in Unarmed Combat
  3521 | D:4      | Reached skill level 2 in Evocations
  4183 | D:4      | Reached XP level 7. HP: 27/50 MP: 1/15
  4453 | D:4      | Found a sacrificial altar of Ru.
  4502 | D:5      | Entered Level 5 of the Dungeon
  4502 | D:5      | Found a shimmering altar of Xom.
  4722 | D:5      | Reached skill level 2 in Hexes
  4722 | D:5      | Reached skill level 2 in Summonings
  4722 | D:5      | Reached skill level 2 in Necromancy
  4722 | D:5      | Reached skill level 2 in Translocations
  4722 | D:5      | Reached skill level 2 in Transmutations
  4722 | D:5      | Reached skill level 2 in Fire Magic
  4722 | D:5      | Reached skill level 2 in Ice Magic
  4722 | D:5      | Reached skill level 2 in Air Magic
  4722 | D:5      | Reached skill level 2 in Earth Magic
  4722 | D:5      | Reached skill level 2 in Poison Magic
  4927 | D:5      | Noticed a wyvern
  4934 | D:5      | Killed a wyvern
  4935 | D:5      | Reached skill level 5 in Stealth
  4935 | D:5      | Reached skill level 3 in Invocations
  5017 | D:5      | Found a blossoming altar of Fedhas.
  5117 | D:5      | Reached skill level 3 in Fighting
  5117 | D:5      | Reached skill level 3 in Short Blades
  5117 | D:5      | Reached skill level 3 in Long Blades
  5117 | D:5      | Reached skill level 3 in Axes
  5117 | D:5      | Reached skill level 3 in Maces & Flails
  5117 | D:5      | Reached skill level 3 in Polearms
  5117 | D:5      | Reached skill level 3 in Staves
  5117 | D:5      | Reached skill level 3 in Ranged Weapons
  5117 | D:5      | Reached skill level 3 in Throwing
  5117 | D:5      | Reached skill level 3 in Armour
  5117 | D:5      | Reached skill level 3 in Shields
  5117 | D:5      | Reached skill level 3 in Unarmed Combat
  5117 | D:5      | Reached skill level 3 in Evocations
  5117 | D:5      | Reached XP level 8. HP: 29/58 MP: 4/16
  5247 | D:5      | Found a snail-covered altar of Cheibriados.
  5341 | D:5      | Reached skill level 6 in Spellcasting
  5407 | D:5      | Found a staircase to the Ecumenical Temple.
  5521 | D:5      | Found a shimmering blue altar of Sif Muna.
  5962 | D:5      | Became a worshipper of Cheibriados the Contemplative
  6181 | D:6      | Reached skill level 3 in Hexes
  6181 | D:6      | Reached skill level 3 in Summonings
  6181 | D:6      | Reached skill level 3 in Necromancy
  6181 | D:6      | Reached skill level 3 in Translocations
  6181 | D:6      | Reached skill level 3 in Transmutations
  6181 | D:6      | Reached skill level 3 in Fire Magic
  6181 | D:6      | Reached skill level 3 in Ice Magic
  6181 | D:6      | Reached skill level 3 in Air Magic
  6181 | D:6      | Reached skill level 3 in Earth Magic
  6181 | D:6      | Reached skill level 3 in Poison Magic
  6181 | D:6      | Reached skill level 4 in Invocations
  6278 | D:6      | Reached skill level 6 in Dodging
  6286 | D:5      | HP: 13/60 [killer bee (3)]
  6288 | D:5      | HP: 4/60 [poisoned by a water moccasin]
  6289 | D:5      | Succumbed to a water moccasin's poison

Illustrated notes

Levels and vault maps discovered:
D:1:      ebering_trefoil_3fold, layout_loops_ring
D:2:      layout_loops_cross, guppyfry_early_orc_mine
D:3:      layout_basic, mainiacjoe_overflow_six_doors_small,
          nicolae_qazlal_general_emergency, uniq_terence
D:4:      layout_basic, nicolae_ru_path_of_blood
D:5:      layout_gridville, cheibriados_altar_1, nicolae_overflow_crystal_walls,
          lemuel_blue_sif_altar, xom_butterflies, temple_statues
D:6:      layout_cave_pods, grunt_gozag_breadcrumbs

Skill      XL: |  1  2  3  4  5  6  7  8 |
---------------+-------------------------+-----
Spellcasting   | 5 6 |  6.3
Invocations    | 1 2 3 4 |  4.1
Fighting       | 1 2 3 |  3.7
Short Blades   | 1 2 3 |  3.7
Long Blades    | 1 2 3 |  3.7
Axes           | 1 2 3 |  3.7
Maces & Flails | 1 2 3 |  3.7
Polearms       | 1 2 3 |  3.7
Staves         | 1 2 3 |  3.7
Ranged Weapons | 1 2 3 |  3.7
Throwing       | 1 2 3 |  3.7
Armour         | 1 2 3 |  3.7
Shields        | 1 2 3 |  3.7
Unarmed Combat | 1 2 3 |  3.7
Evocations     | 1 2 3 |  3.7
Hexes          | 1 2 3 |  3.1
Summonings     | 1 2 3 |  3.1
Necromancy     | 1 2 3 |  3.1
Translocations | 1 2 3 |  3.1
Transmutations | 1 2 3 |  3.1
Fire Magic     | 1 2 3 |  3.1
Ice Magic      | 1 2 3 |  3.1
Air Magic      | 1 2 3 |  3.1
Earth Magic    | 1 2 3 |  3.1
Poison Magic   | 1 2 3 |  3.1
Dodging        | 5 6 |  6.0
Stealth        | 5 |  5.7
Conjurations   | |  7.8

Action                     |  1- 3 |  4- 6 |  7- 9 || total
---------------------------+-------+-------+-------++-------
  Melee: Dagger            |       |    21 |     4 ||    25
         Bite              |       |     2 |       ||     2
   Cast: Magic Dart        |    74 |   113 |    60 ||   247
         Searing Ray       |       |     9 |    19 ||    28
         Iskenderun's Myst |       |       |     7 ||     7
  Evoke: Wand              |       |       |     2 ||     2
 Armour: Robe              |       |     7 |    14 ||    21
  Dodge: Dodged            |     3 |    27 |    50 ||    80

Table legend: (Time is in decaauts)
 A = Elapsed time spent in this place.
 B = Non-inter-level travel time spent in this place.
 C = Inter-level travel time spent in this place.
 D = Time resting spent in this place.
 E = Time spent auto-exploring this place.
 F = Levels seen in this place.
 G = Mean time per level.
                   A        B        C        D        E       F      G
               +--------+--------+--------+--------+--------+-----+--------+
         Total |   6312 |   5766 |    546 |      0 |   5131 |   6 | 1052.0 |
       Dungeon |   6312 |   5766 |    546 |      0 |   5131 |   6 | 1052.0 |
               +--------+--------+--------+--------+--------+-----+--------+

Top non-repeatable levels by time:
     D:5: 1690 daAuts
     D:2: 1363 daAuts
     D:1: 1219 daAuts
     D:3: 1006 daAuts
     D:4: 1005 daAuts
     D:6: 27 daAuts

Levels and vault maps discovered:
D:1:      ebering_trefoil_3fold, layout_loops_ring
D:2:      layout_loops_cross, guppyfry_early_orc_mine
D:3:      layout_basic, mainiacjoe_overflow_six_doors_small,
          nicolae_qazlal_general_emergency, uniq_terence
D:4:      layout_basic, nicolae_ru_path_of_blood
D:5:      layout_gridville, cheibriados_altar_1, nicolae_overflow_crystal_walls,
          lemuel_blue_sif_altar, xom_butterflies, temple_statues
D:6:      layout_cave_pods, grunt_gozag_breadcrumbs

Table legend: (Time is in decaauts)
 A = Elapsed time spent in this place.
 B = Non-inter-level travel time spent in this place.
 C = Inter-level travel time spent in this place.
 D = Time resting spent in this place.
 E = Time spent auto-exploring this place.
 F = Levels seen in this place.
 G = Mean time per level.
                   A        B        C        D        E       F      G
               +--------+--------+--------+--------+--------+-----+--------+
         Total |   6312 |   5766 |    546 |      0 |   5131 |   6 | 1052.0 |
       Dungeon |   6312 |   5766 |    546 |      0 |   5131 |   6 | 1052.0 |
               +--------+--------+--------+--------+--------+-----+--------+

Top non-repeatable levels by time:
     D:5: 1690 daAuts
     D:2: 1363 daAuts
     D:1: 1219 daAuts
     D:3: 1006 daAuts
     D:4: 1005 daAuts
     D:6: 27 daAuts

Table legend:
 A = Kills in this place as a percentage of kills in the entire game.
 B = Kills by you in this place as a percentage of kills by you in the entire game.
 C = Kills by friends in this place as a percentage of kills by friends in the entire game.
 D = Other kills in this place as a percentage of other kills in the entire game.
 E = Experience gained in this place as a percentage of experience gained in the entire game.
 F = Experience gained in this place divided by the number of levels of this place that you have seen.
                   A       B       C       D       E      F
               +-------+-------+-------+-------+-------+----------------------
         Total | 100.0 | 100.0 |   N/A |   N/A | 100.0 | 382.2
       Dungeon | 100.0 | 100.0 |   N/A |   N/A | 100.0 | 382.2
               +-------+-------+-------+-------+-------+----------------------
